 Dungeon Crawl Stone Soup version 0.20-a0-331-g5b3579f (webtiles) character file.

324 dondy the Cleaver (level 6, 0/51 HPs)
             Began as a Hill Orc Fighter on Dec 21, 2016.
             Slain by a water moccasin (7 damage)
             ... on level 4 of the Dungeon.
             The game lasted 00:07:09 (3268 turns).

dondy the Cleaver (Hill Orc Fighter)                Turns: 3268, Time: 00:07:11

Health: 0/51       AC:  6    Str: 21    XL:     6   Next: 48%
Magic:  6/6        EV:  7    Int:  8    God:
Gold:   237        SH:  9    Dex: 10    Spells: 5/5 levels left

rFire  . . .     SeeInvis +     a - +0 war axe
rCold  . . .     Gourm    .     b - +0 scale mail
rNeg   . . .     Faith    .     c - +0 shield
rPois  .         Spirit   .     (no helmet)
rElec  .         Reflect  .     (no cloak)
rCorr  .         Harm     .     (no gloves)
MR     .....                    (no boots)
Stlth  ..........               (no amulet)
                                l - ring of loudness (curse)
                                h - ring of see invisible

@: lethally poisoned (0 -> -44)
A: no striking features
a: no special abilities


You were on level 4 of the Dungeon.
You were not hungry.

You visited 1 branch of the dungeon, and saw 4 of its levels.

You collected 237 gold pieces.

Inventory:

Hand Weapons
 a - a +0 war axe (weapon)
 w - a +0 blowgun
Missiles
 x - 20 poisoned needles
 y - 7 javelins (quivered)
Armour
 b - a +0 scale mail (worn)
 c - a +0 shield (worn)
Magical Staves
 C - an uncursed staff of conjuration {unknown}
Jewellery
 h - a ring of see invisible (left hand)
 l - a cursed ring of loudness (right hand)
Wands
 H - a wand of lightning (6/15)
 I - a wand of confusion (22/48)
Scrolls
 e - 2 scrolls of amnesia {unknown}
 i - 2 scrolls of immolation {unknown}
 n - 4 scrolls of teleportation {unknown}
 p - 3 scrolls of recharging {unknown}
 q - a scroll of blinking {unknown}
 r - 5 scrolls of identify {unknown}
 t - a scroll of magic mapping {unknown}
 B - a scroll of fear {unknown}
 D - a scroll of fog {unknown}
Potions
 d - 2 potions of might
 g - a potion of magic {unknown}
 k - a potion of flight {unknown}
 m - 2 potions of agility {unknown}
 o - a potion of heal wounds {unknown}
 s - a potion of berserk rage {unknown}
 v - 2 potions of ambrosia {unknown}
 z - 2 potions of haste {unknown}
 A - 2 potions of curing {unknown}
 F - a potion of degeneration {unknown}
 J - a potion of cancellation {unknown}
Books
 K - the Disquisition on Talismans and Flames
   (You found it on level 4 of the Dungeon)

   Spells                             Type                      Level
   a - Infusion                       Charms                       1
   b - Repel Missiles                 Charms/Air                   2
   c - Shroud of Golubria             Charms/Translocation         2
   d - Bolt of Fire                   Conjuration/Fire             6
Comestibles
 f - 4 bread rations
 j - a beef jerky
 u - a royal jelly
 E - a slice of pizza
 G - 10 chunks of flesh


   Skills:
 - Level 3.6 Fighting
 + Level 8.8 Axes
 - Level 3.2 Armour
 - Level 3.2 Shields


You had 5 spell levels left.
You didn't know any spells.

Dungeon Overview and Level Annotations

Branches:
Dungeon (4/15)
 Temple: D:4-7

Altars:
Dithmenos
Vehumet


Message History

You block the water moccasin's attack.
You hit the water moccasin but do no damage.
The water moccasin is moderately wounded.
You feel sick. The water moccasin bites you.
You are more poisoned.
The water moccasin poisons you!
You slash the water moccasin!
The water moccasin is heavily wounded.
* * * LOW HITPOINT WARNING * * *
You feel very sick. The water moccasin bites you.
* * * LOW HITPOINT WARNING * * *
You are more poisoned.
The water moccasin poisons you!
You hit the water moccasin but do no damage.
The water moccasin is heavily wounded.
* * * LOW HITPOINT WARNING * * *
You feel very sick. The water moccasin bites you!
You die...

####### #####
##...... ##...
#....... #...
##....... ####..#
#........ #.....###
##........
.....##.S@####
#..)...... ###
####...####...).(...
###...#.......###
####...###### ###.##
#..## ##..## ###
##..###.. ##......


You could see a water moccasin.

Vanquished Creatures
  A scorpion (D:4)
  A howler monkey (D:4)
  Jessica (D:2)
  2 worker ants
  A hound skeleton (D:4)
  3 adders
  An ooze (D:3)
  2 adder skeletons (D:4)
  3 worms
  2 dart slugs
  3 leopard geckos
  11 orcs
  3 bats
  4 giant cockroaches
  13 goblins
  3 hobgoblins
  17 jackals
  6 kobolds
  5 quokkas
  5 rats
87 creatures vanquished.

Notes
Turn   | Place    | Note
-------+----------+-------------------------------------------
     0 | D:1      | dondy the Hill Orc Fighter began the quest for the Orb.
     0 | D:1      | Reached XP level 1. HP: 19/19 MP: 1/1
    22 | D:1      | Reached skill level 3 in Axes
    37 | D:1      | Reached XP level 2. HP: 26/26 MP: 2/2
   290 | D:1      | Reached skill level 4 in Axes
   614 | D:2      | Found a shadowy altar of Dithmenos.
   739 | D:2      | Reached XP level 3. HP: 31/31 MP: 3/3
   749 | D:2      | Noticed Jessica
   757 | D:2      | Killed Jessica
   757 | D:2      | Reached skill level 5 in Axes
   987 | D:2      | Reached XP level 4. HP: 39/39 MP: 4/4
  1246 | D:3      | Reached skill level 6 in Axes
  1758 | D:3      | Reached XP level 5. HP: 45/45 MP: 5/5
  1788 | D:3      | Found a radiant altar of Vehumet.
  2371 | D:3      | Reached skill level 7 in Axes
  2743 | D:4      | Reached skill level 8 in Axes
  2743 | D:4      | Reached XP level 6. HP: 46/51 MP: 6/6
  2981 | D:4      | Noticed an air elemental
  3132 | D:4      | Identified the Disquisition on Talismans and Flames
  3255 | D:4      | Noticed a water moccasin
  3268 | D:4      | Slain by a water moccasin

Vault maps used:
D:1:      lordsloth_arrival_two_stooges
D:2:      overflow_temple_1_default, kennysheep_jessica_study
D:3:      minmay_wonky_spiral, old_standard_altar, first_bread
D:4:      nicolae_qazlal_style_of_elements

Skill      XL: |  1  2  3  4  5 |
---------------+----------------+-----
Axes           | 3 4 5 6 8 |  8.8
Fighting       | |  3.6
Armour         | |  3.2
Shields        | |  3.2

Action                   |  1- 3 |  4- 6 || total
-------------------------+-------+-------++-------
Melee: War axe           |    64 |   199 ||   263
  Eat: Chunk             |       |     8 ||     8
Armor: Scale mail        |    30 |    74 ||   104
Dodge: Dodged            |    12 |    65 ||    77
Block: Shield            |    39 |    94 ||   133
